 Seeded DCSS version 0.32-a0-995-gb4a59205af (webtiles) character file.

Game seed: 202404221 (custom seed)

541 Orlauf the Slasher (level 7, -2/82 HPs)
             Began as a Demonspawn Gladiator on Apr 22, 2024.
             Was a Follower of Uskayaw.
             Killed from afar by an electric eel (8 damage)
             ... with a bolt of electricity
             ... on level 5 of the Dungeon.
             The game lasted 00:03:52 (3101 turns).

Orlauf the Slasher (Demonspawn Gladiator)           Turns: 3101, Time: 00:03:53

Health: -2/82      AC: 13    Str: 17    XL:     7   Next: 5%
Magic:  9/9        EV:  4    Int: 12    God:    Uskayaw [*.....]
Gold:   359        SH:  0    Dex: 14    Spells: 6/6 levels left

rFire   . . .        b - +10 spear of Defiance {drain, +Blink rPois Will+ Stlth+}
rCold   . . .        (no shield)
rNeg    . . .        v - +0 plate armour
rPois   +            c - +0 helmet
rElec   .            (no cloak)
rCorr   .            g - +0 pair of gloves
SInv    .            j - +0 pair of boots
Will    +....        (no amulet) Stlth
                     (no ring)
HPRegen 0.33/turn    (no ring)
MPRegen 0.11/turn

%: no passive effects
@: berserking, studying Long Blades, very quick
A: ignite blood 1, big brain 2
a: Renounce Religion, Evoke Blink, Stomp


You were on level 5 of the Dungeon.
You worshipped Uskayaw.
Uskayaw was noncommittal.
You visited 1 branch of the dungeon, and saw 5 of its levels.

You collected 359 gold pieces.

Inventory:

Hand Weapons
 a - a +1 long sword
 b - the +10 spear of Defiance (weapon) {drain, +Blink rPois Will+ Stlth+}
   (You found it on level 4 of the Dungeon)

   rPois:     It protects you from poison.
   Will+:     It increases your willpower.
   +Blink:    It lets you blink.
   Stlth+:    It makes you more stealthy.
Missiles
 d - 3 throwing nets (quivered)
 e - a javelin
 i - 12 poisoned darts
Armour
 c - a +0 helmet (worn)
 g - a +0 pair of gloves (worn)
 j - a +0 pair of boots (worn)
 v - a +0 plate armour (worn)
Jewellery
 n - a ring of protection from cold
Scrolls
 f - 4 scrolls of identify
 p - 5 scrolls of fog
 q - a scroll of teleportation
Potions
 h - a potion of enlightenment {unknown}
 k - a potion of haste
 l - 2 potions of might
 m - 3 potions of curing {unknown}
 o - 2 potions of heal wounds {unknown}


   Skills:
 + Level 4.4 Fighting
 * Level 7.5 Long Blades
 - Level 1.7 Throwing
 - Level 2.6 Dodging
 + Level 2.7 Invocations


You had 6 spell levels left.
You didn't know any spells.
Your spell library contained the following spells:

 Spells                   Type           Power      Damage    Failure   Level
 Ensorcelled Hibernation  Hex/Ice        0%         N/A       100%        2
 Dazzling Flash           Conj/Hex       0%         N/A       100%        3
 Mephitic Cloud           Conj/Alch/Air  0%         N/A       100%        3
 Passwall                 Erth           0%         N/A       100%        3
 Swiftness                Air            0%         N/A       100%        3
 Volatile Blastmotes      Fire/Tloc      0%         2d10      100%        3
 Vhi's Electric Charge    Tloc/Air       0%         N/A       100%        4
 Silence                  Hex/Air        0%         N/A       100%        5
 Gell's Gavotte           Tloc           0%         2d(11-16) 100%        6


Dungeon Overview and Level Annotations

Branches:
Dungeon (5/15)             Temple (0/1) D:5

Altars:
Uskayaw
Xom

Shops:
D:4 (([?


Innate Abilities, Weirdness & Mutations

Your demonic aura sometimes causes spilled blood to erupt in flames.
You have an extremely huge brain. (Int +4)


Message History

The bolt of electricity hits the electric eel.
The electric eel completely resists.
The bolt of electricity hits the plant!
The bolt of electricity hits you.
A nearby plant withers and dies. x2
The electric eel shoots out a bolt of lightning at you!
The bolt of electricity hits you!
The electric eel shoots out a bolt of lightning at you!
The bolt of electricity hits you!
* * * LOW HITPOINT WARNING * * *
You are too injured to fight recklessly!
You are too injured to fight recklessly!
You are too injured to fight recklessly!
You are too injured to fight recklessly!
You are too injured to fight recklessly!
You are too injured to fight recklessly!
You are too injured to fight recklessly!
You are too injured to fight recklessly!
You are too injured to fight recklessly!
You are too injured to fight recklessly!
You are too injured to fight recklessly!
You are too injured to fight recklessly!
You are too injured to fight recklessly!
You are too injured to fight recklessly!
You are too injured to fight recklessly!
You are too injured to fight recklessly!
Unknown command.
It was a potion of berserk rage.
A red film seems to cover your vision as you go berserk!
You feel yourself moving faster!
You feel mighty!
The electric eel shoots out a bolt of lightning at you!
The bolt of electricity misses you.
The electric eel shoots out a bolt of lightning at you!
The bolt of electricity hits you!
* * * LOW HITPOINT WARNING * * *
You feel a strong urge to attack something.
The electric eel shoots out a bolt of lightning at you!
The bolt of electricity hits the electric eel.
The electric eel completely resists.
The bolt of electricity hits you!
You die...
Your body falls in perfect tune with the rhythm.

......#.....###....######.###....
#.#..####.#.# ######~~..'........
..#.. ##########~#####........ .#
##....~##≈S≈##.......
##.######≈≈~≈≈#.......
#~##≈≈≈##.?~?=##......
#~#≈S.≈≈#$P~P÷##..####
#~#.!S$~#P~.~.#.....#
#~#$P@S÷#.....##....# #.#.P.~.#
###.## #.#.....# # ###
#.#.....#####..# #.##..'##~~~..#
##~####.†~# ##~~~..### #######


You could see 3 electric eels.

Vanquished Creatures
  A centaur (D:5)
  A phantom (D:5)
  A killer bee (D:5)
  A bombardier beetle (D:5)
  A hound (D:3)
  A jelly (D:5)
  2 sleepcaps (D:5)
  2 orc wizards
  3 gnolls (D:4)
  6 adders
  2 dart slugs
  10 orcs
  12 ball pythons
  2 endoplasms
  4 giant cockroaches
  2 goblins (D:2)
  7 hobgoblins
  3 kobolds
  5 quokkas
  3 bats
  3 frilled lizards
  4 rats
76 creatures vanquished.

Notes
Turn   | Place    | Note
-------+----------+-------------------------------------------
     0 | D:1      | Orlauf the Demonspawn Gladiator began the quest for the
                  | Orb.
     0 | D:1      | Reached XP level 1. HP: 16/16 MP: 1/1
   118 | D:1      | Reached skill level 3 in Long Blades
   127 | D:1      | Gained mutation: Your demonic aura sometimes causes spilled
                  | blood to erupt in flames. [demonic ancestry]
   127 | D:1      | Reached XP level 2. HP: 20/22 MP: 2/2
   539 | D:2      | Found a shimmering altar of Xom.
   550 | D:2      | Reached XP level 3. HP: 27/28 MP: 3/3
  1196 | D:2      | Identified a scroll of acquirement
  1196 | D:2      | Acquired a manual of Long Blades
  1324 | D:3      | Reached skill level 4 in Long Blades
  1451 | D:3      | Reached XP level 4. HP: 34/34 MP: 4/4
  1790 | D:3      | Reached skill level 5 in Long Blades
  1790 | D:3      | Reached XP level 5. HP: 25/41 MP: 5/5
  2104 | D:4      | Found Sotuhae's Weapon Boutique.
  2253 | D:4      | Identified the +10 spear of Defiance {drain, +Blink rPois
                  | Will+ Stlth+}
  2336 | D:4      | Found Qiustrei's Antique Armour Boutique.
  2387 | D:4      | Found Akugal's Magic Scroll Boutique.
  2495 | D:4      | Found a hide-covered altar of Uskayaw.
  2511 | D:4      | Reached skill level 6 in Long Blades
  2515 | D:4      | Found Linagas's Weapon Shoppe.
  2518 | D:4      | Became a worshipper of Uskayaw the Reveller
  2590 | D:4      | Reached * piety under Uskayaw
  2619 | D:4      | You fall into a shaft and drop 1 floor!
  2619 | D:5      | Entered Level 5 of the Dungeon
  2623 | D:5      | Found a staircase to the Ecumenical Temple.
  2625 | D:5      | Noticed a phantom
  2631 | D:5      | Reached ** piety under Uskayaw
  2637 | D:5      | Reached *** piety under Uskayaw
  2640 | D:5      | Killed a phantom
  2641 | D:5      | Reached skill level 1 in Invocations
  2641 | D:5      | Gained mutation: You have an unusually large brain. (Int
                  | +2) [demonic ancestry]
  2641 | D:5      | Reached XP level 6. HP: 48/48 MP: 6/6
  2912 | D:5      | Reached skill level 7 in Long Blades
  3071 | D:5      | Gained mutation: You have an extremely huge brain. (Int +4)
                  | [demonic ancestry]
  3071 | D:5      | Reached XP level 7. HP: 48/55 MP: 7/9
  3101 | D:5      | Killed from afar by an electric eel

Illustrated notes

Levels and vault maps discovered:
D:1:      dpeg_arrival_ternary, layout_rooms
D:2:      layout_loops_ring, basic_altar, minivault_27,
          chequers_serial_rivers_room_b
D:3:      layout_loops_cross
D:4:      layout_loops_ring, nicolae_uskayaw_dance_hall, serial_shops,
          nicolae_shop_tiny_waterfront, nicolae_shop_tiny_glass,
          nicolae_shop_back_alley_shop, shop, shop, minivault_25
D:5:      cheibrodos_two_vegetables, layout_cave_pools, vehumet_statue,
          minmay_temple_entry_arrows, uniq_duvessa, uniq_grinder

Skill      XL: |  1  2  3  4  5  6 |
---------------+-------------------+-----
Long Blades    | 3 4 5 6 7 |  7.5
Fighting       | 3 4 |  4.4
Invocations    | 1 2 |  2.7
Throwing       | |  1.7
Dodging        | |  2.6

Action                     |  1- 3 |  4- 6 |  7- 9 || total
---------------------------+-------+-------+-------++-------
  Melee: Long sword        |   134 |    65 |       ||   199
         Spear             |       |    62 |       ||    62
    Use: Scroll            |     8 |     4 |       ||    12
         Potion            |       |       |     1 ||     1
   Stab: Paralysed         |       |     1 |       ||     1
 Armour: Leather armour    |    10 |       |       ||    10
         Scale mail        |   109 |    43 |       ||   152
         Plate armour      |       |    82 |     8 ||    90
  Dodge: Dodged            |    70 |    45 |     1 ||   116

Table legend: (Time is in decaauts)
 A = Elapsed time spent in this place.
 B = Non-inter-level travel time spent in this place.
 C = Inter-level travel time spent in this place.
 D = Time resting spent in this place.
 E = Time spent auto-exploring this place.
 F = Levels seen in this place.
 G = Mean time per level.
                   A        B        C        D        E       F      G
               +--------+--------+--------+--------+--------+-----+--------+
         Total |   3159 |   3096 |     63 |    251 |   2187 |   5 |  631.8 |
       Dungeon |   3159 |   3096 |     63 |    251 |   2187 |   5 |  631.8 |
               +--------+--------+--------+--------+--------+-----+--------+

Top non-repeatable levels by time:
     D:3: 877 daAuts
     D:2: 737 daAuts
     D:1: 531 daAuts
     D:4: 519 daAuts
     D:5: 493 daAuts
